 Dungeon Crawl Stone Soup version 0.31-a0-986-g5e6e4ef867 (webtiles) character file.

Game seed: 14069918264026094550

127 javelincjr the Changeling (level 4, -2/35 HPs)
             Began as a Demigod Shapeshifter on Nov 6, 2023.
             Slain by Grinder (4 damage)
             ... on level 3 of the Dungeon.
             The game lasted 00:08:31 (2136 turns).

javelincjr the Changeling (Demigod Shapeshifter)    Turns: 2136, Time: 00:08:32

Health: -2/35      AC:  6    Str: 19    XL:     4   Next: 56%
Magic:  0/6        EV: 12    Int: 12    God:
Gold:   119        SH:  0    Dex: 16    Spells: 3/3 levels left

rFire   . . .        q - +2 whip (venom)
rCold   . . .        (no shield)
rNeg    . . .        p - +3 leather armour of the True Pharaoh {+Inv Dex+3 Slay+2 Stlth-}
rPois   .            (helmet currently unavailable)
rElec   .            (cloak currently unavailable)
rCorr   .            (gloves currently unavailable)
SInv    .            (boots currently unavailable)
Will    .....        n - amulet of guardian spirit Stlth
                     (no ring)
HPRegen 0.25/turn    (no ring)
MPRegen 0.10/turn

%: guardian spirit
@: beast-form
A: beast (slay +2), high MP 1, forlorn, divine attributes
a: Begin Untransformation, Evoke Invisibility


You were on level 3 of the Dungeon.
You were a hulking beast.
You visited 1 branch of the dungeon, and saw 3 of its levels.

You collected 246 gold pieces.
You spent 127 gold pieces at shops.

Inventory:

Hand Weapons
 q - a +2 whip of venom (weapon)
Missiles
 o - 10 poisoned darts
Armour
 p - the +3 leather armour of the True Pharaoh (worn) {+Inv Dex+3 Slay+2 Stlth-}
   (You found it on level 2 of the Dungeon)

   Dex+3:     It affects your dexterity (+3).
   Slay+2:    It affects your accuracy & damage with ranged weapons and melee
   (+2).
   +Inv:      It lets you turn invisible.
   Stlth-:    It makes you less stealthy.
 t - a +0 pair of boots
Jewellery
 n - an amulet of guardian spirit (around neck)
Talismans
 c - a beast talisman
 d - a flux talisman
Scrolls
 e - a scroll of vulnerability {unknown}
 g - a scroll of immolation {unknown}
 h - 4 scrolls of blinking
 i - 2 scrolls of poison {unknown}
 k - a scroll of revelation {unknown}
 s - 2 scrolls of noise {unknown}
Potions
 b - a potion of lignification
 j - 2 potions of might
 m - 3 potions of curing
 r - a potion of invisibility {unknown}


   Skills:
 - Level 1.1 Fighting
 - Level 2.2 Dodging
 - Level 3.2 Unarmed Combat
 + Level 1.3 Evocations
 * Level 3.9 Shapeshifting


You had 3 spell levels left.
You didn't know any spells.
Your spell library contained the following spells:

 Spells                   Type           Power      Damage    Failure   Level
 Cigotuvi's Dreadful Rot  Necr/Pois/Air  0%         N/A       52%         2
 Dispel Undead            Necr           0%         3d6       98%         4
 Death Channel            Necr           0%         N/A       100%        6


Dungeon Overview and Level Annotations

Branches:
Dungeon (3/15)

Shops:
D:2 ?   D:3 ?

Annotations:
D:3 Grinder


Innate Abilities, Weirdness & Mutations

You are a hulking beast.
Your limbs bulge with bestial killing power. (Slay +2)
You have an increased reservoir of magic. (+10% MP)
You shall have no god before yourself.
Your divine heritage dramatically boosts your attributes as you level up.


Message History

No target in view!
i - 2 scrolls labelled ETHODDO ESETO (gained 1)
You now have 108 gold pieces (gained 7).
You now have 119 gold pieces (gained 11).
Found a blossoming altar of Fedhas.
Grinder comes into view.
Grinder shouts!
You hit Grinder. Your punch misses Grinder.
Grinder is lightly wounded.
Grinder gestures at you. Pain shoots through your body!
You whack Grinder!
Grinder is moderately wounded.
Grinder hits you.
You barely miss Grinder.
Grinder is moderately wounded.
Grinder completely misses you.
You hit Grinder.
Grinder is heavily wounded.
Grinder hits you!
You writhe in agony.
You are too injured to fight recklessly!
You are too injured to fight recklessly!
You are too injured to fight recklessly!
You hit Grinder.
Grinder is poisoned.
Grinder is heavily wounded.
Grinder barely misses you. Grinder hits you.
You writhe in agony.
You closely miss Grinder.
Grinder is heavily wounded.
Grinder gestures at you. Pain shoots through your body!
* * * LOW HITPOINT WARNING * * *
You hit Grinder.
Grinder is severely wounded.
Grinder hits you but does no damage.
You barely miss Grinder.
Grinder is severely wounded.
Grinder says, "Tell me all your secrets, or I'll kill you."
Grinder hits you.
You die...
Grinder says, "Now the real fun starts!"

### ################...#
......##.........#.#
#####.##.#.≈._.≈...
..................#
.####.####.######5# .# #.#
#......h.# .# #.#
#.######## ## #.# #.# #.#
#.# #.# #.# ########
..####.# ##.....⌠#
####...##########..≈≈≈..#
####.............#.≈≈≈≈≈.#
.........######....≈≈≈≈≈∩#


You could see Grinder (poisoned).

Vanquished Creatures
  An iguana (D:3)
  4 adders
  A worm (D:3)
  2 dart slugs
  An orc (D:3)
  5 bats
  4 endoplasms
  2 giant cockroaches
  9 goblins
  A hobgoblin (D:3)
  2 jackals (D:2)
  3 quokkas
  5 ball pythons
  3 frilled lizards (D:1)
  6 kobolds
  5 rats
54 creatures vanquished.

Notes
Turn   | Place    | Note
-------+----------+-------------------------------------------
     0 | D:1      | javelincjr the Demigod Shapeshifter began the quest for the
                  | Orb.
     0 | D:1      | Reached XP level 1. HP: 15/15 MP: 3/3
   100 | D:1      | Reached skill level 1 in Fighting
   328 | D:1      | Reached XP level 2. HP: 19/23 MP: 4/4
  1034 | D:2      | Found Optutala's Magic Scroll Emporium.
  1064 | D:2      | Bought a scroll of identify for 22 gold pieces
  1109 | D:2      | Reached XP level 3. HP: 16/28 MP: 5/5
  1288 | D:2      | Identified the +3 leather armour of the True Pharaoh {+Inv
                  | Dex+3 Slay+2 Stlth-}
  1633 | D:3      | Reached XP level 4. HP: 35/35 MP: 6/6
  1648 | D:3      | Found Pupeudd's Magic Scroll Boutique.
  1657 | D:3      | Bought a scroll of blinking for 105 gold pieces
  1822 | D:3      | Reached skill level 1 in Evocations
  2127 | D:3      | Noticed Grinder
  2136 | D:3      | Slain by Grinder

Illustrated notes

Levels and vault maps discovered:
D:1:      heliophobic_arrival_glass_houses, layout_loops_ring,
          minmay_indecisive_spiral
D:2:      layout_rooms, serial_shops, shop_coins, basic_altar, moated_statue
D:3:      layout_loops_ring, mainiacjoe_overflow_tiny_flanked, okawaru_trees_2,
          nicolae_overflow_ecumenical_swirl, nicolae_ecumenical_pavilion,
          serial_shops, nicolae_lakefront_shop, uniq_grinder

Skill      XL: |  1  2  3  4 |
---------------+-------------+-----
Fighting       | 1 |  1.1
Dodging        | 2 |  2.2
Unarmed Combat | 3 |  3.2
Shapeshifting  | 3 |  3.9
Evocations     | 1 |  1.3

Action                     |  1- 3 |  4- 6 || total
---------------------------+-------+-------++-------
  Melee: Unarmed           |    81 |       ||    81
         Punch             |     2 |       ||     2
         Whip              |    18 |    33 ||    51
    Use: Scroll            |       |     2 ||     2
   Stab: Sleeping          |     5 |       ||     5
 Armour: Animal skin       |    25 |       ||    25
         Leather armour    |     7 |    17 ||    24
  Dodge: Dodged            |    54 |    18 ||    72

Table legend: (Time is in decaauts)
 A = Elapsed time spent in this place.
 B = Non-inter-level travel time spent in this place.
 C = Inter-level travel time spent in this place.
 D = Time resting spent in this place.
 E = Time spent auto-exploring this place.
 F = Levels seen in this place.
 G = Mean time per level.
                   A        B        C        D        E       F      G
               +--------+--------+--------+--------+--------+-----+--------+
         Total |   2138 |   2079 |     59 |      0 |   1700 |   3 |  712.7 |
       Dungeon |   2138 |   2079 |     59 |      0 |   1700 |   3 |  712.7 |
               +--------+--------+--------+--------+--------+-----+--------+

Top non-repeatable levels by time:
     D:1: 1031 daAuts
     D:3: 592 daAuts
     D:2: 513 daAuts
